 Dungeon Crawl Stone Soup version 0.26-a0-501-g57170428f2 (webtiles) character file.

Game seed: 18355946226864000333

329 ANON1729 the Skirmisher (level 6, -7/62 HPs)
             Began as an Ogre Arcane Marksman on Aug 7, 2020.
             Killed from afar by Pikel (10 damage)
             ... with a puff of flame
             ... on level 4 of the Dungeon.
             The game lasted 00:06:19 (5254 turns).

ANON1729 the Skirmisher (Ogre Arcane Marksman)      Turns: 5254, Time: 00:06:19

Health: -7/62      AC:  3    Str: 15    XL:     6   Next: 51%
Magic:  9/10       EV: 10    Int: 16    God:
Gold:   164        SH:  0    Dex:  9    Spells: 5/11 levels left

rFire    . . .     SeeInvis .   i - +2 whip (flame)
rCold    . . .     Faith    .   (no shield)
rNeg     . . .     Spirit   .   a - +0 robe
rPois    .         Reflect  .   (helmet restricted)
rElec    .         Harm     .   (no cloak)
rCorr    .                      (gloves unavailable)
MR       .....                  (boots unavailable)
Stlth    +.........             (no amulet)
HPRegen  0.20/turn              (no ring)
MPRegen  0.12/turn              (no ring)

@: no status effects
A: large, unfitting armour, tough skin 1
a: no special abilities


You were on level 4 of the Dungeon.
You visited 1 branch of the dungeon, and saw 4 of its levels.

You collected 164 gold pieces.

Inventory:

Hand Weapons
 g - a +0 short sword
 i - a +2 whip of flaming (weapon)
Missiles
 d - a throwing net (quivered)
 f - 176 stones
 r - 2 atropa-tipped darts
 u - 12 poisoned darts
 v - 11 sling bullets
Armour
 a - a +0 robe (worn)
Jewellery
 q - a +4 ring of slaying {unknown}
Wands
 c - a wand of random effects (12)
 p - a wand of flame (14)
Scrolls
 b - 3 scrolls of amnesia {unknown}
 h - 2 scrolls of enchant armour {unknown}
 j - 3 scrolls of identify {unknown}
 k - 2 scrolls of remove curse {unknown}
 l - 2 scrolls of teleportation {unknown}
 s - a scroll of magic mapping {unknown}
 t - a scroll of fear {unknown}
Potions
 e - 2 potions of curing {unknown}
 m - a potion of ambrosia {unknown}
 n - a potion of mutation {unknown}
 w - a potion of lignification {unknown}


   Skills:
 + Level 3.9 Fighting
 + Level 3.4 Throwing
 + Level 3.0 Dodging
 + Level 3.1 Spellcasting
 + Level 3.7 Hexes


You had 5 spell levels left.
You knew the following spells:

 Your Spells              Type           Power        Failure   Level
a - Corona                Hex            ##.....      4%          1
b - Slow                  Hex            ##......     6%          2
c - Inner Flame           Hex/Fire       #.......     26%         3

Your spell library contained the following spells:

 Spells                   Type           Power        Failure   Level
 Portal Projectile        Hex/Tloc       #.....       26%         3
 Cause Fear               Hex            ##........   36%         4
 Leda's Liquefaction      Hex/Erth       #.........   63%         4


Dungeon Overview and Level Annotations

Branches:
Dungeon (4/15)
 Temple: D:4-7

Altars:
Elyvilon
Makhleb
Okawaru
Trog
Zin

Annotations:
D:4 Pikel


Innate Abilities, Weirdness & Mutations

You are too large for most types of armour.
You have tough skin. (AC +1)


Message History

* * * LOW HITPOINT WARNING * * *
Throwing (i - inventory. (/) - cycle)
d - 3 throwing nets (quivered)
Press: ? - help, Shift-Dir - straight line, f/p - Pikel
Aim: Pikel, wielding a +1 whip of freezing, wearing a +0 robe and carrying a wand of flame (21) (lightly wounded)
You throw a throwing net. The throwing net misses Pikel.
The throwing net hits the lemure.
The lemure is caught in the net!
The lemure is lightly wounded.
The lemure struggles against the net.
Pikel zaps a wand.
The puff of flame hits you!
* * * LOW HITPOINT WARNING * * *
Throwing (i - inventory. (/) - cycle)
d - 2 throwing nets (quivered)
Press: ? - help, Shift-Dir - straight line, f/p - Pikel
Aim: Pikel, wielding a +1 whip of freezing, wearing a +0 robe and carrying a wand of flame (20) (lightly wounded)
You throw a throwing net. The throwing net hits Pikel.
Pikel is caught in the net!
Pikel is lightly wounded.
The lemure struggles against the net.
Pikel says, "You'll make a fine lemure."
Pikel zaps a wand.
The puff of flame hits you!
You die...

#######..#.##
........##.# #.#
######### .# #.#
#5# #5# #5# #5#
#K#
#@################
#................)
#####.####.######.
#.# #.# #.. #.#
#.#####.. #.#
#........
#.####..####..
#........)....
######
######.>.....#


You could see Pikel (caught) and 4 lemures.

Vanquished Creatures
  A bullfrog (D:4)
  A hound (D:4)
  Ijyb (D:2)
  2 worker ants (D:4)
  6 adders
  A white imp (D:3)
  2 oozes
  A worm (D:3)
  3 dart slugs
  2 leopard geckos
  6 orcs
  2 ball pythons
  9 bats
  2 giant cockroaches
  8 goblins
  10 hobgoblins
  4 jackals
  4 frilled lizards
  10 kobolds
  10 rats
85 creatures vanquished.

Notes
Turn   | Place    | Note
-------+----------+-------------------------------------------
     0 | D:1      | ANON1729 the Ogre Arcane Marksman began the quest for the
                  | Orb.
     0 | D:1      | Reached XP level 1. HP: 19/19 MP: 2/2
   398 | D:1      | Reached XP level 2. HP: 22/28 MP: 4/4
  1193 | D:1      | Reached XP level 3. HP: 34/35 MP: 5/5
  2099 | D:2      | Found a glowing silver altar of Zin.
  2207 | D:2      | Reached XP level 4. HP: 19/44 MP: 7/7
  2652 | D:3      | Noticed Ijyb
  2732 | D:2      | Killed Ijyb
  3497 | D:3      | Reached XP level 5. HP: 48/52 MP: 8/8
  3643 | D:3      | Found a bloodstained altar of Trog.
  3659 | D:3      | Found an iron altar of Okawaru.
  3677 | D:3      | Learned a level 2 spell: Slow
  3694 | D:3      | Learned a level 3 spell: Inner Flame
  4179 | D:3      | Found a white marble altar of Elyvilon.
  4179 | D:3      | Found a burning altar of Makhleb.
  4277 | D:4      | Reached XP level 6. HP: 19/61 MP: 6/10
  5231 | D:4      | Noticed Pikel
  5253 | D:4      | HP: 3/62 [Pikel/puff of flame (10)]
  5254 | D:4      | Killed from afar by Pikel

Illustrated notes

Levels and vault maps discovered:
D:1:      minmay_arrival_shattered_statue, layout_loops_ring,
          minmay_misc_feat_columns, chequers_serial_rivers_small_3
D:2:      layout_loops_cross, zin_treasury
D:3:      layout_rooms, grunt_temple_overflow_open,
          gammafunk_temple_overflow_elements, kennysheep_generic_room_13,
          uniq_ijyb
D:4:      layout_loops_ring, uniq_pikel

Skill      XL: |  1  2  3  4  5  6 |
---------------+-------------------+-----
Dodging        | 2 3 |  3.0
Fighting       | 2 3 |  3.9
Hexes          | 3 |  3.7
Spellcasting   | 2 3 |  3.1
Throwing       | 3 |  3.4

Action                   |  1- 3 |  4- 6 || total
-------------------------+-------+-------++-------
Melee: Unarmed           |    65 |       ||    65
       Short sword       |    50 |       ||    50
       Whip              |    80 |   201 ||   281
Throw: Large rock        |     5 |     8 ||    13
       Throwing net      |       |     6 ||     6
 Cast: Slow              |       |     4 ||     4
Evoke: Wand              |       |     1 ||     1
 Stab: Held in net/web   |       |     1 ||     1
Armor: Robe              |    91 |    68 ||   159
Dodge: Dodged            |   133 |   124 ||   257

Table legend: (Time is in decaauts)
 A = Elapsed time spent in this place.
 B = Non-inter-level travel time spent in this place.
 C = Inter-level travel time spent in this place.
 D = Time resting spent in this place.
 E = Time spent auto-exploring this place.
 F = Levels seen in this place.
 G = Mean time per level.
                   A        B        C        D        E       F      G
               +--------+--------+--------+--------+--------+-----+--------+
         Total |   5306 |   5199 |    107 |   2666 |   1734 |   4 | 1326.5 |
       Dungeon |   5306 |   5199 |    107 |   2666 |   1734 |   4 | 1326.5 |
               +--------+--------+--------+--------+--------+-----+--------+

Top non-repeatable levels by time:
     D:2: 1864 daAuts
     D:1: 1595 daAuts
     D:4: 1032 daAuts
     D:3: 813 daAuts
